 Dungeon Crawl Stone Soup version 0.22.1-1-ga44c0e5 (webtiles) character file.

1114 Waffles the Poker (level 8, -2/54 HPs)
             Began as an Octopode Fighter on Oct 29, 2018.
             Was a Follower of Cheibriados.
             Slain by a hippogriff (7 damage)
             ... on level 6 of the Dungeon.
             The game lasted 00:11:03 (5900 turns).

Waffles the Poker (Octopode Fighter)                Turns: 5900, Time: 00:11:04

Health: -2/54      AC:  1    Str: 19    XL:     8   Next: 34%
Magic:  9/9        EV: 13    Int: 13    God:    Cheibriados [*.....]
Gold:   199        SH: 10    Dex: 16    Spells: 7/7 levels left

rFire    . . .     SeeInvis .   a - +0 trident
rCold    + . .     Gourm    .   b - +0 shield
rNeg     . . .     Faith    +   (helmet restricted)
rPois    +         Spirit   .   l - amulet of faith
rElec    .         Reflect  .   r - ring of poison resistance
rCorr    .         Harm     .   t - ring of protection from cold
MR       .....                  w - ring of flight
Stlth    ++++......             (no ring)
HPRegen  0.18/turn              (no ring)
MPRegen  0.11/turn              (no ring)
                                (no ring)
                                (no ring)

@: very slow
A: almost no armour, stealthy swim, amphibious, 8 rings, constrict 8, camouflage
1, gelatinous body 1
a: Bend Time, Renounce Religion, Evoke Flight


You were on level 6 of the Dungeon.
You worshipped Cheibriados.
Cheibriados was aware of your devotion.
You were not hungry.

You visited 2 branches of the dungeon, and saw 7 of its levels.

You collected 199 gold pieces.

Inventory:

Hand Weapons
 a - a +0 trident (weapon)
 m - a +0 blowgun
 n - a +2 dagger of venom
Missiles
 f - 12 tomahawks (quivered)
 o - 24 poisoned needles
Armour
 b - a +0 shield (worn)
Jewellery
 l - an amulet of faith (around mantle)
 r - a ring of poison resistance (left tentacle)
 t - a ring of protection from cold (right tentacle)
 w - a ring of flight (on tentacle)
Wands
 x - a wand of flame (25)
 y - a wand of disintegration (8)
Scrolls
 g - 6 scrolls of identify
 h - 6 scrolls of enchant armour
 j - 3 scrolls of teleportation
 k - a scroll of magic mapping {unknown}
 p - 2 scrolls of remove curse
 s - a scroll of blinking {unknown}
Potions
 c - a potion of lignification {unknown}
 e - 2 potions of curing
 i - a potion of invisibility {unknown}
 q - 2 potions of cancellation
 u - 5 potions of might
 v - a potion of haste {unknown}
 z - a potion of agility {unknown}
Comestibles
 d - 4 rations
 A - 2 chunks of flesh


   Skills:
 + Level 4.7 Fighting
 + Level 7.0 Polearms
 + Level 4.2 Dodging
 - Level 3.8 Stealth
 + Level 4.0 Shields
 * Level 2.4 Invocations


You had 7 spell levels left.
You didn't know any spells.
Your spell library was empty.

Dungeon Overview and Level Annotations

Branches:
Dungeon (6/15)             Temple (1/1) D:5

Altars:
Ashenzari
Cheibriados
Dithmenos
Elyvilon
Fedhas
Gozag
Kikubaaqudgha
Makhleb
Nemelex Xobeh
Qazlal
Ru
Sif Muna
Trog
Uskayaw
Vehumet
Wu Jian
Yredelemnul
Zin
The Shining One

Shops:
D:4 (

Annotations:
D:3 1 runed door, exclusion: downstairs
D:5 exclusion: downstairs


Innate Abilities, Weirdness & Mutations

You cannot wear most types of armour.
You are very stealthy in the water. (Stealth+)
You are amphibious.
You can wear up to eight rings at the same time.
You can use your tentacles to constrict eight enemies at once.
Your skin changes colour to match your surroundings (Stealth+).
Your rubbery body absorbs attacks. (AC +1, EV +1)


Message History

The hound is heavily wounded.
The hound completely misses you.
You puncture the hound! You grab the hound. You squeeze the hound.
You kill the hound!
Cheibriados appreciates the change of pace.
Your Polearms skill increases to level 7!
The leopard gecko bites you.
Your shield prevents you from hitting the leopard gecko.
Your grab misses the leopard gecko.
The orc wizard gestures wildly while chanting.
The orc wizard blinks!
The hippogriff bites you!
* * * LOW HITPOINT WARNING * * *
The hippogriff pecks you.
* * * LOW HITPOINT WARNING * * *
You block the hippogriff's attack.
You feel better. The hippogriff bites you!
* * * LOW HITPOINT WARNING * * *
The hippogriff barely misses you. The hippogriff claws you!
You die...

#.# ############# #. #.#
#...@Hl.oo..# #. #.#
#.#########'##### #.# #.# #.#
####.......# #.####.#####.#
#..........# ##....#.#.....#
#....(.....#
#.......#.....####...(......#
#.............##............#
#..<...##....###...(........#
#......##...[# #..o.........#


You could see a hippogriff, an orc priest, an orc wizard and a leopard gecko.

Vanquished Creatures
  Grinder (D:3)
  2 phantoms
  A centaur (D:6)
  A wight (D:5)
  A howler monkey (D:4)
  2 crimson imps
  A bullfrog zombie (D:5)
  3 hounds
  Jessica (D:3)
  2 iguanas
  5 worker ants
  2 hound skeletons
  A howler monkey skeleton (D:4)
  3 adders
  A shadow imp (D:6)
  5 oozes
  An adder skeleton (D:4)
  3 worms
  2 dart slugs
  6 leopard geckos
  6 orcs
  7 bats
  2 giant cockroaches
  8 hobgoblins
  8 jackals
  9 kobolds
  4 quokkas
  3 ball pythons
  2 frilled lizards
  4 goblins
  A jackal zombie (D:5)
  A quokka skeleton (D:5)
  7 rats
106 creatures vanquished.

Notes
Turn   | Place    | Note
-------+----------+-------------------------------------------
     0 | D:1      | Waffles the Octopode Fighter began the quest for the Orb.
     0 | D:1      | Reached XP level 1. HP: 16/16 MP: 1/1
   147 | D:1      | Reached XP level 2. HP: 21/21 MP: 2/2
   506 | D:1      | Reached XP level 3. HP: 22/26 MP: 3/3
   961 | D:2      | Reached skill level 1 in Stealth
  1196 | D:2      | Reached XP level 4. HP: 30/32 MP: 4/4
  2094 | D:3      | Noticed Grinder
  2100 | D:3      | Paralysed by Grinder for 6 turns
  2114 | D:3      | Reached skill level 3 in Polearms
  2114 | D:3      | Reached XP level 5. HP: 22/37 MP: 5/5
  2126 | D:3      | Paralysed by Grinder for 5 turns
  2134 | D:3      | Killed Grinder
  2134 | D:3      | Reached skill level 4 in Polearms
  2134 | D:3      | Reached XP level 6. HP: 9/43 MP: 6/6
  2604 | D:3      | Noticed Jessica
  2612 | D:3      | Killed Jessica
  3108 | D:3      | Found an ornate altar of the Wu Jian Council.
  3201 | D:3      | Found a runed door.
  3508 | D:4      | Reached skill level 5 in Polearms
  3515 | D:4      | Noticed a phantom
  3519 | D:4      | Reached XP level 7. HP: 34/48 MP: 7/7
  3882 | D:4      | Found Wiahaeqi's Weapon Shop.
  4021 | D:4      | Found a shadowy altar of Dithmenos.
  4533 | D:5      | Entered Level 5 of the Dungeon
  4587 | D:5      | Found a staircase to the Ecumenical Temple.
  4596 | Temple   | Entered the Ecumenical Temple
  4712 | Temple   | Became a worshipper of Cheibriados the Contemplative
  4892 | D:5      | Reached skill level 6 in Polearms
  4897 | D:5      | Reached skill level 1 in Invocations
  5160 | D:5      | Reached XP level 8. HP: 44/54 MP: 9/9
  5423 | D:5      | Reached * piety under Cheibriados
  5779 | D:6      | Found a basalt altar of Yredelemnul.
  5877 | D:6      | Noticed a hippogriff
  5893 | D:6      | Reached skill level 7 in Polearms
  5900 | D:6      | Slain by a hippogriff

Skill      XL: |  1  2  3  4  5  6  7  8 |
---------------+-------------------------+-----
Stealth        | 1 2 3 |  3.8
Polearms       | 3 4 5 6 7 |  7.0
Fighting       | 4 |  4.7
Dodging        | 4 |  4.2
Invocations    | 1 2 |  2.4
Shields        | 4 |  4.0

Action                   |  1- 3 |  4- 6 |  7- 9 || total
-------------------------+-------+-------+-------++-------
Melee: Trident           |    65 |    99 |   114 ||   278
       Constrict         |    11 |    18 |    21 ||    50
       Tentacles         |     8 |    20 |    20 ||    48
Throw: Tomahawk          |     1 |       |       ||     1
  Use: Potion            |       |     1 |     1 ||     2
       Scroll            |       |       |     5 ||     5
 Stab: Sleeping          |     6 |    16 |    12 ||    34
       Distracted        |       |       |     1 ||     1
  Eat: Chunk             |     1 |     5 |     2 ||     8
       Ration            |       |     1 |     1 ||     2
Armor: Skin              |     6 |     1 |     3 ||    10
Dodge: Dodged            |    22 |    22 |    39 ||    83
Block: Shield            |    17 |    16 |    35 ||    68
